[Event "XLIV Barbera del Valles-A 2022"]
[Site "Barbera del Valles"]
[Date "2022.07.05"]
[Round "2.3"]
[White "Barros, Raul Junior"]
[Black "Cuartas, Jaime Alexander"]
[Result "0-1"]
[ECO "B15"]
[WhiteElo "2174"]
[BlackElo "2513"]
[Annotator "TA"]
[PlyCount "100"]
[EventDate "2022.07.04"]
[EventType "swiss"]
[EventCountry "ESP"]
[SourceTitle "playchess.com"]
[Source "ChessBase"]
[SourceQuality "1"]
[TimeControl "5400+30"]

1. e4 c6 2. d4 d5 3. Nd2 dxe4 4. Nxe4 Nf6 5. Ng5 h6 6. N5f3 Bf5 7. Bd3 Bxd3 {[%emt 0:00:25] B15: Caro-Kann: 3 Nc3: 3...g6 and 3...dxe4 4 Nxe4 Nf6 5 Nxf6+ exf6.} 8. Qxd3 Nbd7 9. Ne2 e6 {[%emt 0:00:12] The position is equal.} 10. Bf4 {[%emt 0:03:38] [#]} Qb6 $146 ({Predecessor:} 10... Bb4+ 11. c3 Be7 12. h3 a5 13. O-O O-O 14. Rfe1 Re8 15. c4 Qb6 16. Nc3 Qa6 {1-0 (36) Lessard,C (2121)-Gaulin,G (1956) Quebec 2017}) 11. O-O-O Be7 12. Ne5 Nxe5 13. Bxe5 O-O-O 14. Kb1 Ng4 15. Bg3 Nf6 16. Qf3 Qa5 17. c4 Qh5 18. Qe3 Qf5+ 19. Ka1 Qe4 {[%emt 0:00:52] Against d5} 20. Qd2 {[%emt 0:05:19][%cal Od2a5] And now Qa5! would win.} Bd6 21. f3 Qf5 22. Bxd6 Rxd6 23. Ng3 (23. Qc3 $11) 23... Qg5 $15 24. Qf2 {[%emt 0:08:43] [#]} Rhd8 $1 25. f4 {[%emt 0:11:51] [#]} (25. Rd3 $17) 25... Qc5 $1 $19 26. Rc1 (26. Ne2 {is a better defense.}) 26... Qxd4 27. Qf3 g6 {[%emt 0:03:44] Inhibits f5.} 28. a3 h5 29. Rhd1 (29. Rhe1 {was worth a try.}) 29... Qc5 30. Rxd6 Qxd6 (30... Rxd6 $2 {perishes.} 31. b4 Qd4+ 32. Kb1 $19) 31. Nf1 Qd3 32. Ne3 Qe4 33. Qxe4 Nxe4 {[%emt 0:00:06][%cal Bf6e4,Be4d2,Bd2f3][%mdl 4128] Endgame KRN-KRN} 34. Rd1 Nd2 35. Ka2 a5 36. a4 (36. b4 $142) 36... Kc7 37. g3 c5 38. Rc1 Nf3 39. Nf1 Nd2 40. Ne3 Rd3 41. Rc3 Rd4 42. Rc2 b6 43. Rc3 Re4 44. b3 (44. Rc2 {keeps fighting.}) 44... Nf3 45. h4 (45. Kb1 $142 Nxh2 46. Nc2) 45... Nd4 {[%emt 0:00:17] ...Ne2 is the strong threat. Black is clearly winning.} 46. Rd3 Ne2 {[%emt 0:00:19] Hoping for ...Nc1+.} 47. Kb2 {[%emt 0:00:39] Prevents Nc1.} Nxg3 48. Nc2 Ne2 49. Re3 Rxe3 50. Nxe3 Nxf4 {[%emt 0:26:47] Weighted Error Value: White=0.36/Black=0.24 (precise)} 0-1

[Event "XLIV Barbera del Valles-A 2022"]
[Site "Barbera del Valles"]
[Date "2022.07.05"]
[Round "2.4"]
[White "Martin Capitan, Feliciano"]
[Black "Sanchez, Sebastian Felipe"]
[Result "0-1"]
[ECO "A36"]
[WhiteElo "2099"]
[BlackElo "2440"]
[Annotator "TA"]
[PlyCount "52"]
[EventDate "2022.07.04"]
[EventType "swiss"]
[EventCountry "ESP"]
[SourceTitle "playchess.com"]
[Source "ChessBase"]
[SourceQuality "1"]
[TimeControl "5400+30"]

1. e4 c5 2. c4 Nc6 3. Nc3 g6 4. g3 Bg7 5. Bg2 a6 6. Nge2 b5 7. d3 {[%emt 0:01:43] A36: Symmetrical English vs ...g6: 4 Bg2 Bg7.} Rb8 8. O-O d6 9. Rb1 {[%emt 0:04:51] The position is equal.} b4 (9... Nf6 {feels hotter.} 10. Nd5 Bg4 11. b3 Nxd5 12. exd5 Bxe2 13. Qxe2 Nd4) 10. Nd5 e6 11. Ne3 {[%emt 0:01:19] [#]} h5 $146 ({Predecessor:} 11... Qa5 12. a3 bxa3 13. Bd2 Qc7 14. bxa3 Nge7 15. Rxb8 Qxb8 16. f4 Nd4 17. Nxd4 Bxd4 18. Qc2 Nc6 19. Rb1 {½-½ (19) Malinowski,D (2326)-Ilzig,G (2308) ICCF email 2019}) 12. f4 Nge7 13. b3 f5 (13... h4 $11) 14. Bb2 $14 Nd4 15. Nxd4 cxd4 16. Nc2 e5 17. Qd2 a5 18. Rbe1 h4 (18... O-O $11) 19. fxe5 ({White should play} 19. exf5 $14 gxf5 20. g4) 19... dxe5 $11 20. exf5 gxf5 {[%emt 0:09:26] Strongly threatening ...hxg3.} 21. Qg5 {[%emt 0:03:27] [#]} (21. g4 $11 {keeps the balance.}) 21... Kf7 $1 $17 22. g4 Bf6 {[%emt 0:02:42] Chess con chili.} 23. Qd2 h3 24. g5 $2 (24. Bf3 $17) 24... hxg2 $19 {[%emt 0:00:44] Black is clearly winning.} 25. gxf6 gxf1=Q+ 26. Kxf1 Ng6 {[%emt 0:00:47] Weighted Error Value: White=0.73/Black=0.13 (very precise)} 0-1

[Event "XLIV Barbera del Valles-A 2022"]
[Site "Barbera del Valles"]
[Date "2022.07.05"]
[Round "2.6"]
[White "Rios, Cristhian Camilo"]
[Black "Lorscheid, Gerhard"]
[Result "1-0"]
[ECO "E61"]
[WhiteElo "2399"]
[BlackElo "2126"]
[Annotator "TA"]
[PlyCount "85"]
[EventDate "2022.07.04"]
[EventType "swiss"]
[EventCountry "ESP"]
[SourceTitle "playchess.com"]
[Source "ChessBase"]
[SourceQuality "1"]
[TimeControl "5400+30"]

1. d4 d6 2. Nf3 Nf6 3. c4 g6 4. Nc3 Bf5 5. g3 c6 6. Bg2 {[%emt 0:00:30] E61: King's Indian: Early deviations for White, including Smyslov System.} Bg7 7. Nh4 Be6 8. b3 {[%emt 0:00:30] [#] The position is equal.} d5 $146 ({Predecessor:} 8... Qc8 9. O-O Bh3 10. e4 O-O 11. f3 c5 12. e5 dxe5 13. dxe5 Bxg2 14. Nxg2 Nfd7 {0-1 (28) Teychene,J (2001)-Manolache,M (2479) Val Thorens 2009}) 9. Qd3 Qa5 10. O-O Qa6 11. e4 dxc4 12. Qe3 (12. Qd2 $14 {was preferrable.}) 12... O-O 13. Bb2 Rd8 14. h3 {[%emt 0:00:30] Prevents Ng4.} Qa5 15. Rfc1 Na6 16. Nf3 cxb3 17. axb3 Qb6 (17... Qh5 $11 {remains equal.} 18. Ng5 (18. g4 Nxg4 19. hxg4 Bxg4 $11) 18... Nc7) 18. Ba3 (18. Na4 $1 $16 Qb5 19. Bf1) 18... Re8 (18... Ne8 $11) 19. Ng5 {[%emt 0:00:30][%mdl 1024] White has compensation.} (19. b4 $5 ) 19... Bh6 (19... Qxb3 $2 20. Rcb1 Qc4 21. Bf1 $18 (21. Rxb7 Ng4 $16)) (19... Bxb3 $2 20. Rab1 $16) 20. f4 Rad8 (20... Bxb3 21. Rab1 e5 22. Ne2 (22. Na4 exf4 23. gxf4 Bxa4 $16) 22... exd4 23. Nxd4 $16 (23. Qxb3 d3+ 24. Qxb6 axb6 $14)) (20... Qxb3 $2 21. Rcb1 $18) 21. Nf3 Bg7 (21... Qxb3 $2 22. Rcb1 Qc2 23. Ne1 Qxb1 24. Rxb1 $18) 22. Rcb1 Nh5 (22... Bxb3 $2 23. Ne2 $18) 23. Ne2 Bc8 24. g4 Nf6 25. Rd1 Be6 26. Rab1 Nb4 27. Rd2 {[%emt 0:00:30] Against Nc2} a5 28. Ng3 Nfd5 29. exd5 Nxd5 30. Qf2 {[%emt 0:00:30] Hoping for f5.} (30. Qe4 $2 Nc3 31. Qc2 Bxd4+ 32. Nxd4 Rxd4 $19) 30... Nxf4 31. Bf1 Bd5 32. Ne5 f6 (32... Ne6 $14) 33. Nc4 $16 (33. Qxf4 fxe5 34. Qe3 (34. Qg5 exd4 35. Bg2 Bf6 $17) 34... exd4 $17) 33... Qc7 {[%emt 0:00:30] [#]} 34. Bc5 $1 Qb8 35. Re1 $36 {[%emt 0:00:30][%cal Bb1e1,Be1e4,Be4f4][%mdl 2080] White is in control.} e5 {[%emt 0:00:30] [#]} ({Black should play} 35... Bh6) 36. dxe5 $1 (36. Nxa5 $6 b6 37. dxe5 bxc5 38. Qxf4 fxe5 $11) 36... fxe5 37. Ne4 (37. Nxa5 $6 Rd7 $11) 37... Re6 38. Qh4 h6 {[%emt 0:00:30] Against Ng5} 39. g5 {[%emt 0:00:30] The board is on fire. 0x0.00166e56042fdp-1022s more active pieces.} ({And not} 39. Nxa5 b6 40. Nxc6 (40. Nb7 $2 g5 $19) 40... Rxc6 $17) ({Better is} 39. Bb6 Rde8 40. g5 (40. Nxa5 Bf8 $16)) 39... Bxe4 40. Rxe4 b5 (40... Rxd2 $16 {might work better.} 41. Nxd2 Qd8) 41. gxh6 Bf6 {[%emt 0:00:30] [#]} (41... g5 42. Qf2 (42. Qxg5 Rg6 $11) 42... Rxh6) 42. Qg4 $1 $18 {[%emt 0:00:30][%cal Oe4f4] Threatening mate with Rxf4!} Kh7 {[%emt 0:00:30] [#]} (42... Rxd2 43. Rxf4) 43. Rxf4 $1 {[%emt 0:00:30][%mdl 512] Weighted Error Value: White=0.13 (very precise) /Black=0.23 (precise)} 1-0

[Event "XLIV Barbera del Valles-A 2022"]
[Site "Barbera del Valles"]
[Date "2022.07.05"]
[Round "2.7"]
[White "Gourav Nigam"]
[Black "Bernado Lopez, Roger"]
[Result "1-0"]
[ECO "C65"]
[WhiteElo "1803"]
[BlackElo "2315"]
[Annotator "TA"]
[PlyCount "87"]
[EventDate "2022.07.04"]
[EventType "swiss"]
[EventCountry "ESP"]
[SourceTitle "playchess.com"]
[Source "ChessBase"]
[SourceQuality "1"]
[TimeControl "5400+30"]

1. e4 e5 2. Nf3 Nc6 3. Bb5 Nf6 4. d3 Bc5 5. c3 d5 6. Qe2 {[%emt 0:04:18] C65: Ruy Lopez: Berlin Defence (3...Nf6), unusual lines and 4 0-0 Bc5.} O-O 7. O-O Re8 8. Bg5 {[%emt 0:05:39] The position is equal.} a6 9. Ba4 b5 10. Bc2 {[%emt 0:07:29] [#]} Be6 $146 ({Predecessor:} 10... d4 11. h3 Be6 12. Nbd2 Kh8 13. Nb3 Bb6 14. cxd4 Nxd4 15. Nbxd4 Bxd4 16. Nxd4 Qxd4 17. Bxf6 gxf6 {0-1 (25) Antz,W-Schaefer,A freechess.de 2016}) 11. Nbd2 h6 12. Bh4 Be7 13. Rfe1 dxe4 14. dxe4 Nd7 15. Bg3 Bc5 16. Nf1 Nf8 17. Ne3 ({But not} 17. Nxe5 $2 Nxe5 18. Bxe5 Bc4 $19) (17. Red1 {looks sharper.} Qf6 18. b4 Bb6 19. Ne3) 17... Bxe3 18. Qxe3 f6 19. Nh4 g5 $2 {[%emt 0:05:45] [#] White leaves nothing to chance now.} ({Better is} 19... Qe7 $14) 20. Nf5 $18 Bxf5 21. exf5 Na5 22. Rad1 Qb8 (22... Qe7 {is a better defense.} 23. f4 gxf4 24. Bxf4 Nc4) 23. Be4 {[%emt 0:02:44] Black must now prevent Qe2.} Ra7 (23... c6 $142 24. Qf3 Rd8 25. Bxc6 Rxd1 26. Rxd1 Ra7 27. Bd5+ Kg7) 24. f4 c6 (24... Nc4 {was called for.} 25. Bd5+ Kh8 26. Bxc4 gxf4 27. Bxf4 bxc4 28. Bxh6 c5 29. Qxc5 Rh7) 25. fxe5 Nc4 26. e6 Qb7 (26... Nxe3 $142 27. Bxb8 Rxb8) 27. Qf3 Rc8 28. b3 Nb6 29. Rd6 Qe7 30. Red1 Rac7 31. Bxc6 h5 32. Bf2 g4 33. Qe4 Rb8 34. R6d4 (34. Qf4 $142 a5 35. Bxb5) 34... Rbc8 35. Rd6 (35. Bd5 $142) 35... Rb8 36. Qf4 Rbc8 37. Bxb6 Rxc6 38. Rxc6 Rxc6 39. Bd4 Nh7 40. Qh6 {[%emt 0:00:30] [#] And now Qg6+ would win.} b4 41. cxb4 {[%emt 0:01:20] Threatening mate with Bc5.} g3 42. hxg3 {[%emt 0:00:19] White mates.} Rc2 43. Bc5 Rxc5 44. Qg6+ {[%emt 0:00:13] Weighted Error Value: White=0.46/Black=0.37} 1-0

[Event "XLIV Barbera del Valles-A 2022"]
[Site "Barbera del Valles"]
[Date "2022.07.05"]
[Round "2.8"]
[White "Pena Gomez, Manuel"]
[Black "Shah, Vishwa"]
[Result "1/2-1/2"]
[ECO "A37"]
[WhiteElo "2492"]
[BlackElo "1931"]
[Annotator "TA"]
[PlyCount "117"]
[EventDate "2022.07.04"]
[EventType "swiss"]
[EventCountry "ESP"]
[SourceTitle "playchess.com"]
[Source "ChessBase"]
[SourceQuality "1"]
[TimeControl "5400+30"]

1. g3 c5 2. c4 Nc6 3. Bg2 g6 4. Nf3 Bg7 5. Nc3 e5 6. a3 Nge7 $1 {[%emt 0:04:10] 6...Nge7 scores better than 6...a5.} 7. O-O a5 8. Ne1 d6 {[%emt 0:00:35] A37: Symmetrical English vs ...g6: 4 Bg2 Bg7 5 Nf3.} 9. Nc2 O-O 10. d3 Be6 {[%emt 0:00:23] White has an edge.} 11. Bg5 f6 12. Be3 Rb8 13. Rb1 Qd7 14. b4 axb4 15. axb4 b6 $1 16. Nd5 Nd4 {[%emt 0:09:17] [#]} 17. Bxd4 $146 (17. Nxe7+ {looks sharper.} Qxe7 18. Bxd4 exd4 19. Re1) ({Predecessor:} 17. Nxe7+ Qxe7 18. Bd2 f5 19. Ne3 f4 20. Nd5 Qd7 21. bxc5 bxc5 22. Rxb8 Rxb8 23. Bc3 fxg3 24. hxg3 {½-½ (42) Byron,A (2192)-Palliser,R (2445) England 2010}) 17... Bxd5 (17... exd4 $14 {feels stronger.} 18. Nxe7+ Qxe7) 18. Bxd5+ $16 Nxd5 19. Bxe5 dxe5 20. cxd5 Qxd5 21. Ne3 Qe6 22. Qb3 Qxb3 23. Rxb3 Rfd8 24. Ra1 cxb4 25. Rxb4 Bf8 26. Rb5 Bc5 27. Ra7 Bxe3 28. fxe3 $11 {[%emt 0:00:12][%mdl 4096] Endgame KRR-KRR} h5 29. Kf2 Kf8 30. Kf3 {[%emt 0:00:45] White is more active.} Rd6 31. h3 Re8 32. Rb7 Ree6 33. g4 hxg4+ 34. Kxg4 f5+ ({Black should play} 34... Rc6 $14) 35. Kg5 $16 f4 36. e4 ({Much less strong is} 36. exf4 $6 exf4 37. Rb4 (37. Kxf4 Rxe2 38. R5xb6 Rxd3 $11) 37... Re5+ 38. Kg4 (38. Kxf4 Rxe2 39. R4xb6 Rxd3 $11) 38... Rxe2 $14) 36... Ke8 (36... Rc6 $16 37. Rb1 Rc2) 37. Rb3 Kd8 38. h4 Kc8 39. Rg7 Rc6 40. Ra3 {[%emt 0:06:43][%cal Ra3a8] [#]} Kb8 {[%emt 0:00:07] Inhibits Ra8+.} 41. Rga7 Kc8 42. Ra8+ $2 (42. Rh7 $18 Kb8 43. Raa7) 42... Kd7 43. Rg8 b5 44. Ra5 Rb6 $1 45. Ra1 b4 46. Rb1 b3 47. Ra8 $2 (47. Rg7+ $11 Kc8 48. Rg8+ Kd7 49. Rg7+ Kc8 50. Rg8+ Kc7 51. Rg7+ Kc8) 47... Rec6 $19 {[%emt 0:00:38] [#] Threatens to win with ...b2.} ({Don't do} 47... b2 48. Ra2 $18) 48. Ra7+ Kd8 49. d4 exd4 50. Kxf4 b2 51. Ra2 Rc2 52. Ke5 Rxe2 {[%emt 0:00:30] aiming for ...d3.} 53. Kxd4 Rb4+ ({Black should try} 53... Ke7 $17) 54. Kc5 (54. Kc3 $11 {keeps the balance.} Rexe4 55. Rbxb2 Rbc4+ 56. Kd3) 54... Rbxe4 (54... Rb7 $17) 55. Rbxb2 $11 {[%emt 0:00:07] The position is equal.} Rxb2 56. Rxb2 Rxh4 {[%emt 0:00:06] And now ...Ke7 would win.} 57. Kd6 Rd4+ 58. Ke5 Rd1 59. Rg2 {[%emt 0:00:12] White used his chance.  Weighted Error Value: White=0.22 (precise) /Black=0.19 (very precise)} 1/2-1/2

[Event "XLIV Barbera del Valles-A 2022"]
[Site "Barbera del Valles"]
[Date "2022.07.05"]
[Round "2.9"]
[White "Sudarshan Bhat"]
[Black "Narciso Dublan, Marc"]
[Result "0-1"]
[ECO "B01"]
[WhiteElo "2001"]
[BlackElo "2461"]
[Annotator "TA"]
[PlyCount "74"]
[EventDate "2022.07.04"]
[EventType "swiss"]
[EventCountry "ESP"]
[SourceTitle "playchess.com"]
[Source "ChessBase"]
[SourceQuality "1"]
[TimeControl "5400+30"]

1. e4 d5 2. exd5 Qxd5 3. Nf3 Bg4 4. Be2 Nc6 5. Nc3 Qd7 6. O-O {[%emt 0:04:39] B01: Scandinavian Defence.} O-O-O 7. Bb5 Qf5 8. Bxc6 {[%emt 0:07:09] The position is equal.} bxc6 {[%emt 0:00:03] [#]} 9. Qe2 $146 (9. d3 {keeps more tension.} e6 10. Ne4 Bxf3 11. gxf3 Ne7 12. Kh1) ({Predecessor:} 9. d3 Nf6 10. Re1 Rg8 11. Re3 g5 12. Bd2 Bg7 13. h3 Bh5 14. Qe1 Nd5 15. g4 Bxg4 16. Nxd5 Rxd5 17. hxg4 Qxg4+ {1-0 (32) Bisht,M (2226)-Stubbs,M (2189) ICCF email 2017}) 9... Bxf3 10. Qxf3 Qxf3 11. gxf3 Nh6 12. Ne4 e6 13. d3 Nf5 14. Be3 a5 15. a4 h6 16. Nd2 Rd5 17. Nc4 Nh4 18. f4 g5 19. Kh1 Bd6 20. Bd2 Bxf4 21. Bxa5 Nf3 22. Bc3 {[%emt 0:00:43] [#]} (22. Kg2 $1 $15 Nh4+ 23. Kh1) 22... g4 $1 $17 {[%emt 0:00:33][%cal Od5h5] ( -> ...Rh5!)} 23. Kg2 {[%emt 0:07:03] [#]} (23. Bxh8 Rh5) 23... Rg8 {[%emt 0:06:24] Black is more active.} ({Black should try} 23... Nh4+ $1 $17 24. Kh1 Rh5) 24. Rh1 $1 $15 Kb7 (24... Rh5 $15) 25. b4 (25. h3 $11 {might be stronger.}) 25... e5 26. Na5+ Kb6 27. Nc4+ Ka7 28. b5 (28. h3 $11) 28... e4 29. Na5 $1 ({Not} 29. dxe4 $2 Rc5 30. Na5 Nh4+ 31. Kg1 Rxc3 $19) 29... Re8 {[%emt 0:08:55] Dancing on a razor blade.} ({But not} 29... exd3 30. Nxc6+ Kb7 31. Ne7 Nh4+ 32. Kf1 $14) 30. Nxc6+ Ka8 {[%emt 0:00:08] Threatens to win with ...e3.} 31. dxe4 Nh4+ $1 32. Kf1 Rxe4 33. Re1 Rxe1+ (33... Rxa4 $2 {gets mated.} 34. Re8+) 34. Kxe1 $2 (34. Bxe1 $11 {and White stays safe.} Ng6 35. h4) 34... Rc5 $19 35. Bb2 (35. h3) 35... Rxc2 {[%emt 0:00:29] Black is clearly winning.} 36. Ba3 Ra2 37. Bc1 Bxc1 {[%emt 0:00:22] Weighted Error Value: White=0.44/Black=0.12 (very precise)} 0-1

[Event "XLIV Barbera del Valles-A 2022"]
[Site "Barbera del Valles"]
[Date "2022.07.05"]
[Round "2.10"]
[White "Moskalenko, Viktor"]
[Black "Pimpalkhare Vedant"]
[Result "1-0"]
[ECO "D00"]
[WhiteElo "2457"]
[BlackElo "2057"]
[Annotator "TA"]
[PlyCount "105"]
[EventDate "2022.07.04"]
[EventType "swiss"]
[EventCountry "ESP"]
[SourceTitle "playchess.com"]
[Source "ChessBase"]
[SourceQuality "1"]
[TimeControl "5400+30"]

1. d4 e6 2. Bf4 c5 3. e3 Nf6 4. c3 d5 5. Nd2 Bd6 6. Bg3 {[%emt 0:02:00] D00: 1 d4 d5: Unusual lines.} Qc7 7. dxc5 $1 Qxc5 8. Ngf3 {[%emt 0:00:24] The position is equal.} O-O 9. Rc1 Nbd7 10. c4 Bxg3 11. hxg3 {[%emt 0:00:07] [#]} Rd8 $146 ({Predecessor:} 11... h6 12. a3 b6 13. cxd5 Qxd5 14. Bc4 Qd6 15. O-O Bb7 16. Qe2 a6 17. Rfd1 Qe7 {0-1 (41) Salinas Herrera,P (2514)-Solon,N (2306) Chess.com INT 2020}) 12. cxd5 Qxd5 13. Nc4 Nb6 {[%emt 0:03:42] Threatens to win with ...Nxc4.} 14. Qxd5 Nbxd5 15. Rh4 Ne7 (15... Bd7 {keeps more tension.} 16. Nfe5 Rdc8 17. Kd2 Be8) 16. Rd4 Rxd4 17. Nxd4 Ne8 18. Be2 Rb8 19. Bf3 f6 20. Nb5 {[%emt 0:05:46] White is much more active. The black rooks are badly placed.} Bd7 21. Nxa7 {[%emt 0:04:20] Rd1 is the strong threat.} Ra8 22. Nb6 $1 Rxa7 23. Nxd7 Rxa2 24. Rc2 b5 25. Nc5 Kf7 26. Kd2 Nd6 27. b3 Ra7 {[%emt 0:01:36] [#]} 28. Kc3 $1 Nec8 29. Kb4 Ke7 30. Nb7 {[%emt 0:00:49] Strongly threatening Rc7+.} Nxb7 (30... Kd7 $142) 31. Rc7+ $16 Kd8 32. Rxb7 Rxb7 33. Bxb7 {[%emt 0:00:02][%mdl 4096] Endgame KB-KN} Nd6 34. Bc6 Kc7 {[%emt 0:00:17] [#]} 35. Kc5 ({Don't play} 35. Bxb5 $6 Ne4 $14) 35... h5 36. Bf3 g6 37. b4 f5 38. Bc6 g5 39. Bf3 ({But not} 39. Bxb5 $6 Ne4+ 40. Kc4 Nxf2 $11) 39... h4 $2 {[%emt 0:01:38][%mdl 8192] Black cannot hold the game after this.} (39... g4 $16 {is tougher.}) 40. gxh4 $18 {[%emt 0:00:32] White is clearly winning.} gxh4 41. Bc6 Nf7 42. f4 {[%emt 0:00:26] Against Ne5} Nd6 43. Bxb5 Ne4+ 44. Kd4 Kd6 45. Be2 Nf6 46. b5 Nd7 47. Bf3 e5+ 48. fxe5+ Nxe5 49. Be2 Ng6 50. Bh5 Ne5 51. Be8 Ng4 52. Bg6 Nh6 53. Bh7 {[%emt 0:00:13] Weighted Error Value: White=0.15 (very precise) /Black=0.29 (precise)} 1-0

[Event "XLIV Barbera del Valles-A 2022"]
[Site "Barbera del Valles"]
[Date "2022.07.06"]
[Round "3.1"]
[White "Alsina Leal, Daniel"]
[Black "Gkoumas, Georgios"]
[Result "1/2-1/2"]
[ECO "B62"]
[WhiteElo "2525"]
[BlackElo "2427"]
[Annotator "TA"]
[PlyCount "111"]
[EventDate "2022.07.04"]
[EventType "swiss"]
[EventCountry "ESP"]
[SourceTitle "playchess.com"]
[Source "ChessBase"]
[SourceQuality "1"]
[TimeControl "5400+30"]

1. e4 c5 2. Nf3 Nc6 3. d4 cxd4 4. Nxd4 Nf6 5. Nc3 d6 6. Bg5 e6 7. Qd3 Bd7 {[%emt 0:00:05] The modern move.} 8. O-O-O a6 9. f4 h6 {[%emt 0:04:02] B62: Sicilian: Richter-Rauzer: 6...e6: Unusual White 7th moves.} 10. Bh4 Be7 11. Nf3 Rc8 {[%emt 0:01:50] White has an edge.} 12. Kb1 Qc7 {[%emt 0:15:10] [#]} 13. Qd2 $146 ({Predecessor:} 13. Be2 d5 14. e5 Ng4 15. Bxe7 Nxe7 16. Rhf1 Nf5 17. Nd4 Nge3 18. Nxf5 Nxf5 19. g4 {½-½ (27) Ilyin,I (2078)-Schulz,H (1709) LSS email 2012}) 13... b5 14. Bd3 b4 15. Ne2 a5 16. g4 a4 17. Rhg1 b3 (17... Qb6 $11 {remains equal.}) 18. cxb3 $16 axb3 {[%emt 0:00:06] [#]} 19. a3 ({Of course not} 19. axb3 $6 Rb8 $11) 19... Qa5 20. Nc3 (20. Qxa5 {feels hotter.} Nxa5 21. e5 Nd5 22. Bxe7 Kxe7 23. exd6+ Kxd6 24. Ne5) 20... d5 21. Bxf6 (21. e5 $16 Ng8 22. Bf2) 21... Bxf6 $14 22. exd5 Bxc3 ({Better is} 22... exd5 $14 23. Qe2+ Kf8) 23. Qxc3 $16 Qxc3 24. bxc3 exd5 25. Bb5 O-O 26. Kb2 {[%emt 0:03:02] Strongly threatening a4.} ({Don't do} 26. Rxd5 $6 Be6 27. Rd6 Na7 $14) 26... Rfe8 (26... Nb8 $16 27. Rxd5 Bxb5 28. Rxb5 Na6) 27. Rxd5 $18 Re3 28. Rd3 ({Don't play} 28. Rxd7 $6 Rxf3 29. Rf1 Rh3) 28... Rxd3 29. Bxd3 Na5 30. g5 Kf8 31. gxh6 gxh6 32. Re1 f6 33. Nd4 Rc5 (33... h5 $142 34. Ba6 Ra8) 34. Nxb3 Rd5 35. Nd4 Rh5 36. Re2 Nb7 37. c4 Nc5 38. Bc2 Rh4 39. Rf2 Rh3 40. Rd2 h5 41. Nb3 ({White should play} 41. Nb5 $18) 41... Na4+ $16 42. Kc1 Be8 43. c5 Bf7 44. Nd4 Nxc5 45. Kb2 Be8 $1 {[%emt 0:00:26] Against a4} 46. Nf5 Na4+ 47. Bxa4 (47. Kc1 $5 ) 47... Bxa4 $14 {[%emt 0:00:02][%mdl 4096] Endgame KRB-KRN. The position is equal.} 48. Ng3 h4 49. Ne4 Ke7 50. Nc3 Bc6 51. Rf2 Ke6 52. a4 Kd6 53. Kc2 Kc5 54. f5 Kb4 55. Rf4+ Kc5 56. Rf2 {[%emt 0:00:41] Blacks defense is rewarded with a draw.  Weighted Error Value: White=0.11 (very precise) /Black=0.12 (very precise)} 1/2-1/2

[Event "XLIV Barbera del Valles-A 2022"]
[Site "Barbera del Valles"]
[Date "2022.07.06"]
[Round "3.2"]
[White "Sanchez, Sebastian Felipe"]
[Black "Asis Gargatagli, Hipolito"]
[Result "0-1"]
[ECO "E90"]
[WhiteElo "2440"]
[BlackElo "2514"]
[Annotator "TA"]
[PlyCount "80"]
[EventDate "2022.07.04"]
[EventType "swiss"]
[EventCountry "ESP"]
[SourceTitle "playchess.com"]
[Source "ChessBase"]
[SourceQuality "1"]
[TimeControl "5400+30"]

1. d4 Nf6 2. c4 g6 3. Nc3 Bg7 4. e4 d6 5. h3 O-O 6. Nf3 e5 7. d5 Nh5 8. g3 {[%emt 0:00:47] E90: King's Indian: Classical: Early deviations and 6 h3.} Na6 9. a3 f5 10. exf5 {[%emt 0:00:30] White is slightly better.} gxf5 11. Nh4 Nf6 (11... Nf4 $5) 12. Bg5 (12. Qc2 $5 ) 12... h6 {[%emt 0:07:03] [#]} 13. Bd2 $146 (13. Be3 $1 $14) ({Predecessor:} 13. Be3 Nd7 14. Qc2 f4 15. Bd2 e4 16. Nxe4 Ndc5 17. Bd3 fxg3 18. fxg3 Nxd3+ 19. Qxd3 Bxb2 {½-½ (25) Enev,Z (2298)-Nichols,S (2408) LSS email 2020}) 13... Nc5 $1 $11 14. Qc2 Nfe4 15. Nxe4 Nxe4 (15... fxe4 16. Be3 $16 (16. b4 Nd3+ 17. Bxd3 exd3 $17)) 16. Be3 Qf6 17. O-O-O Bd7 18. Kb1 Nc5 19. b3 {[%emt 0:00:51] Inhibits Ba4.} (19. Bxc5 $15 dxc5 20. Rd2) 19... a5 $17 {[%emt 0:00:19] aiming for ...a4.} (19... e4 $6 20. Bd4 Qf7 21. Bxg7 Qxg7 22. Ng2 $11) 20. Ka2 Ra6 (20... a4 $17 21. b4 Nb3) 21. Bd3 $2 (21. a4 $15) 21... Rb6 {[%emt 0:04:47] Threatens to win with ...e4.} (21... e4 22. Be2 $15) 22. Rb1 (22. Be2 $142) 22... e4 $19 23. Be2 f4 $1 24. Bxc5 (24. gxf4 {was forced.} Qxh4 25. Rhg1) 24... dxc5 25. Bg4 {[%emt 0:04:20] [#]} Be8 (25... fxg3 $1 $19 {is more deadly.} 26. fxg3 (26. Bxd7 Qxh4) 26... Qd4 $1) 26. Rhe1 $2 (26. a4 $17) 26... a4 27. b4 cxb4 28. axb4 e3 $1 ({Not} 28... fxg3 29. fxg3 Qc3 30. Be6+ Kh8 31. Qxc3 Bxc3 32. Rxe4 $11) 29. fxe3 (29. Bf5 $17) 29... fxe3 $2 (29... fxg3 $19 30. Nf5 Qc3 31. Qxc3 Bxc3) 30. Rxe3 {[%emt 0:01:06] [#]} ({White should try} 30. Ka3 $14) 30... Rxb4 $1 $15 31. Rf3 Qd6 $40 {[%emt 0:03:35][%mdl 128] And now ...Rxf3 would win. Black is up to no good. Chess con chili.} (31... Qd4 $5 32. Rxf8+ Kxf8 $15) 32. Be6+ (32. Nf5 $11 Rxb1 33. Qxb1) 32... Kh8 $1 $17 33. Rxf8+ ({Don't blunder} 33. c5 $2 {[#]} Rxb1 $1 34. Kxb1 Rxf3 $1 35. cxd6 Rf1+ 36. Qc1 Rxc1+ 37. Kxc1 cxd6 $19) 33... Qxf8 34. Rxb4 (34. Nf5 $17 {was the crucial defense.}) 34... Qxb4 $19 35. Bf5 Qe1 36. Qb1 Qe2+ 37. Qc2 Qf1 38. Ka3 Qa1+ 39. Kb4 Bf8+ {[%emt 0:00:26] A strong pair of Bishops.} 40. c5 Qd4+ {[%emt 0:00:12] Weighted Error Value: White=0.78/Black=0.39} 0-1